 Dungeon Crawl Stone Soup version 0.30-a0-743-gbfdf073431 (webtiles) character file.

Game seed: 13874775498754501891

250190 Rrauwl the Hand of Fortune (level 19, -1/146 HPs)
             Began as a Demonspawn Fighter on Feb 7, 2023.
             Was the Champion of Nemelex Xobeh.
             Succumbed to a merfolk impaler's poison
             ... on level 4 of the Shoals.
             The game lasted 02:23:11 (38189 turns).

Rrauwl the Hand of Fortune (Demonspawn Fighter)    Turns: 38189, Time: 02:23:12

Health: -1/146     AC: 32    Str: 26    XL:     19   Next: 29%
Magic:  22/43      EV: 15    Int: 11    God:    Nemelex Xobeh [******]
Gold:   2432       SH: 18    Dex: 15    Spells: 18/18 levels left

rFire   . . .      SeeInvis +    Y - +4 trident "Vaerru" {flame, MP+9 Int+2}
rCold   . . .      Faith    .    a - +1 kite shield {reflect}
rNeg    . . .      Spirit   .    Q - +5 scale mail "Kotwud" {rElec}
rPois   .          Reflect  +    v - +1 hat
rElec   +          Harm     .    (cloak unavailable)
rCorr   +          Rampage  +    u - +1 pair of gloves
Will    +....                    T - +1 pair of boots "Vukic" {Rampage rElec Str+3}
Stlth   +                        U - amulet of regeneration
HPRegen 1.24/turn                I - +5 ring of evasion
MPRegen 0.28/turn                q - ring of see invisible

@: lethally poisoned (-1 -> -32)
A: yellow scales 3, icemail 2, powered by pain 2, condensation shield,
bedeviling, weakness stinger 3
}: 1/15 runes: serpentine
a: Renounce Religion, Draw Escape, Draw Destruction, Draw Summoning, Triple
Draw, Deal Four, Stack Five


You were on level 4 of the Shoals.
You worshipped Nemelex Xobeh.
Nemelex Xobeh was exalted by your worship.
You visited 6 branches of the dungeon, and saw 31 of its levels.
You visited 1 bazaar.
You also visited: Ice Cave.

You collected 3559 gold pieces.
You spent 1127 gold pieces at shops.

Inventory:

Hand Weapons
 b - a +2 trident of freezing
 K - the +0 staff of Battle
   (You found it on level 3 of the Shoals)

   It enhances your conjuration magic.
   It summons a battlesphere in combat, with strength depending on Conjurations
   skill.
   Its strikes trigger the battlesphere's blasts.
 Y - the +4 trident "Vaerru" (weapon) {flame, MP+9 Int+2}
   (You took it off an orc on level 1 of the Orcish Mines)

   Int:       It affects your intelligence (+2).
   MP:        It affects your magic capacity (+9).
Missiles
 g - 3 throwing nets (quivered)
 S - 3 boomerangs of dispersal
Armour
 a - a +1 kite shield of reflection (worn)
 u - a +1 pair of gloves (worn)
 v - a +1 hat (worn)
 Q - the +5 scale mail "Kotwud" (worn) {rElec}
   (You found it on level 11 of the Dungeon)

   rElec:     It insulates you from electricity.
 T - the +1 pair of boots "Vukic" (worn) {Rampage rElec Str+3}
   (You bought it in a shop on level 2 of the Orcish Mines)

   Str:       It affects your strength (+3).
   rElec:     It insulates you from electricity.
   Rampage:   It bestows one free step when moving towards enemies.
Jewellery
 f - a ring of protection from cold
 q - a ring of see invisible (right hand)
 G - a ring of poison resistance
 I - a +5 ring of evasion (left hand)
 P - a ring of protection from fire
 R - a ring of willpower
 U - an amulet of regeneration (around neck)
Wands
 h - a wand of iceblast (1)
 r - a wand of flame (44)
 s - a wand of mindburst (16)
 w - a wand of polymorph (9)
 E - a wand of paralysis (18)
 M - a wand of quicksilver (6)
 N - a wand of digging (17)
Scrolls
 c - 2 scrolls of magic mapping
 d - a scroll of blinking
 p - 5 scrolls of enchant weapon
 x - 6 scrolls of poison
 z - 4 scrolls of fear
 A - 7 scrolls of identify
 C - 4 scrolls of enchant armour
 L - 12 scrolls of teleportation
 O - 3 scrolls of fog
 W - 2 scrolls of silence
Potions
 e - 5 potions of cancellation
 j - a potion of might
 l - 9 potions of ambrosia
 m - 2 potions of resistance
 n - 3 potions of mutation
 o - 6 potions of attraction
 t - 2 potions of heal wounds
 B - 7 potions of curing
 F - 6 potions of flight
 H - 4 potions of invisibility
 J - 4 potions of lignification
Miscellaneous
 i - a lightning rod (4/4)
 k - a condenser vane
 y - a phantom mirror
 D - a piece from Xom's chessboard (15/15)
 V - a box of beasts


   Skills:
 - Level 12.0 Fighting
 + Level 17.7 Polearms
 - Level 12.0 Armour
 - Level 2.0 Dodging
 - Level 2.0 Stealth
 - Level 15.0 Shields
 - Level 22.0 Invocations
 - Level 10.0 Evocations


You had 18 spell levels left.
You didn't know any spells.
Your spell library contained the following spells:

 Spells                   Type           Power      Damage    Failure   Level
 Freeze                   Ice            0%         1d3       75%         1
 Shock                    Conj/Air       0%         1d3       75%         1
 Slow                     Hex            0%         N/A       75%         1
 Cigotuvi's Dreadful Rot  Necr/Pois/Air  0%         N/A       87%         2
 Poisonous Vapours        Pois/Air       0%         N/A       87%         2
 Confusing Touch          Hex            0%         N/A       98%         3
 Frozen Ramparts          Ice            0%         1d1       98%         3
 Hailstorm                Conj/Ice       0%         3d3       98%         3
 Ignite Poison            Fire/Tmut/Pois 0%         N/A       98%         3
 Kindle Blastsparks       Fire/Tloc/Air  0%         2d10      98%         3
 Mephitic Cloud           Conj/Pois/Air  0%         N/A       98%         3
 Swiftness                Air            0%         N/A       98%         3
 Vampiric Draining        Necr           0%         2d6       98%         3
 Airstrike                Air            0%         2d(0-16)  100%        4
 Cause Fear               Hex            0%         N/A       100%        4
 Fulminant Prism          Conj/Hex       0%         3d5       100%        4
 Iskenderun's Mystic Bla  Conj/Tloc      0%         2d3       100%        4
 Manifold Assault         Tloc           0%         N/A       100%        4
 Sticky Flame             Conj/Fire      0%         2d3       100%        4
 Freezing Cloud           Conj/Ice/Air   0%         6-21      100%        5
 Lee's Rapid Deconstruct  Erth           0%         3d4*      100%        5
 Lightning Bolt           Conj/Air       0%         1d11      100%        5
 Dispersal                Tloc           0%         N/A       100%        6
 Simulacrum               Ice/Necr       0%         N/A       100%        6
 Dragon Form              Tmut           0%         N/A       100%        7
 Spellforged Servitor     Conj/Summ      0%         N/A       100%        7
 Disjunction              Tloc           0%         N/A       100%        8
 Ignition                 Fire           0%         3d3       100%        8
 Lehudib's Crystal Spear  Conj/Erth      0%         10d2      100%        8
 Dragon's Call            Summ           0%         N/A       100%        9
 Fire Storm               Conj/Fire      0%         5d1       100%        9
 Polar Vortex             Ice            0%         N/A       100%        9


Dungeon Overview and Level Annotations

Branches:
Dungeon (15/15)            Temple (1/1) D:5            Lair (5/5) D:11
 Shoals (4/4) Lair:3        Snake (4/4) Lair:3        Slime (0/5) Lair:4
    Orc (2/2) D:12            Elf (0/3) Orc:2        Vaults (0/5) D:13
 Depths (0/4) D:15          IceCv (visited)

Altars:
Ashenzari
Cheibriados
Dithmenos
Fedhas
Gozag
Hepliaklqana
Kikubaaqudgha
Makhleb
Nemelex Xobeh
Okawaru
Qazlal
Ru
Sif Muna
Trog
Uskayaw
Vehumet
Wu Jian
Xom
Yredelemnul
Jiyva

Shops:
D:6 *   Orc:1 *   Orc:2 [(((   Snake:1 :(*(   Snake:4 [*

Portals:
Abyss: Lair:4
Trove: D:10 (give +5 fire dragon scales)

Annotations:
Shoals:4 4 transporters
Abyss:1 Duishro's ghost, journeyman DjFE


Innate Abilities, Weirdness & Mutations

You are completely covered in yellow scales. (AC +4, rCorr)
A meltable icy envelope protects you from harm. (AC +8)
You sometimes gain power by taking damage.
A meltable shield of frost defends you. (SH +4)
Your hexes are more powerful.
You have a sharp stinger which inflicts weakening toxins.


Message History

The goliath frog seems to return to its normal shape.
The goliath frog hits you from afar.
You are splashed with acid.
You resist. You block the merfolk impaler's attack.
You block the storm dragon's attack. The storm dragon barely misses you.
The storm dragon tramples you but does no damage.
The merfolk throws a boomerang.
The boomerang barely misses you. The goliath frog barely misses you.
The merfolk impaler hits you from afar with a +1 demon trident of venom!
You are poisoned.
Your unstable footing causes you to fumble your attack.
You feel sick. The storm dragon bites you.
The storm dragon claws you but does no damage.
You block the storm dragon's attack. You block the merfolk impaler's attack.
You block the goliath frog's attack.
The merfolk hits you but does no damage.
You are too injured to fight recklessly!
You draw a card...
You have drawn the Orb.
Press: ? - help, Shift-Dir - straight line, f - merfolk impaler, p - storm dragon
Aim: a merfolk impaler, wielding a +1 demon trident of venom and wearing a +0 robe (moderately wounded, berserk, lightly drained)
Your orb of destruction hits a rock wall. x2
The wavering orb of destruction weakly hits the storm dragon!!
You blow up the storm dragon!
You feel sick.
The merfolk impaler seems less drained.
You block the merfolk impaler's attack. The goliath frog hits you from afar!!
You are splashed with acid.
You resist. You block the merfolk impaler's attack.
The wavering orb of destruction hits the merfolk!!!
You blow up the merfolk!
The merfolk impaler hits you from afar with a +1 demon trident of venom!!
* * * LOW HITPOINT WARNING * * *
You are lethally poisoned!
The merfolk impaler hits you with a +2 antimagic trident!
* * * LOW HITPOINT WARNING * * *
You feel your power leaking away. You block the goliath frog's attack.
Blink to where?
Press: ? - help, Dir - move target, p - merfolk impaler
As you read the scroll of blinking, it crumbles to dust.
You die...
Your body glows slightly and disappears.

.~~~~~≈≈≈≈≈≈
..~~~≈≈≈≈≈≈
..~~~≈≈≈≈≈≈
.~~~≈≈≈≈≈≈≈
######.~~~≈≈≈≈≈≈
........~~~≈≈≈≈≈≈
..........~~≈≈≈≈≈≈
~~........@~~≈≈≈≈≈≈
..~.....^...~~≈≈≈≈≈≈
.............~~≈≈≈≈≈≈
.............~~≈≈≈≈≈≈
..........*..~~≈≈≈≈≈≈
...........○..#####≈≈≈
...........m○.## ≈≈
#....~~~~..)°§#
#..~~~~~~~~°~mF))~~#


You could see a merfolk.

Vanquished Creatures
  A Hell Sentinel (Snake:3)
  Rupert (D:13)
  Polyphemus (Shoals:3)
  Agnes (Snake:4)
  A storm dragon (Shoals:4)
  10 nagarajas
  A frost giant (IceCv)
  A ghost moth (Shoals:4)
  A broodmother (D:12)
  The ghost of kuniqs the Spry, a journeyman MfGl of Wu Jian (D:14)
  A wendigo (Snake:3)
  A minotaur (D:14)
  A bunyip (Shoals:4)
  5 merfolk impalers
  An entropy weaver (Snake:2)
  2 fire dragons
  A merfolk javelineer (Shoals:4)
  2 salamander tyrants
  A vault guard (D:13)
  A catoblepas (Shoals:3)
  7 hydras
  An alligator snapping turtle (Shoals:3)
  4 merfolk avatars
  3 boulder beetles
  A merfolk aquamancer (Shoals:4)
  5 centaur warriors
  15 naga warriors
  17 anacondas
  2 two-headed ogres
  A satyr (Shoals:4)
  16 death yaks
  3 orc high priests (Orc:2)
  11 shock serpents
  11 naga sharpshooters
  A golden dragon zombie (D:15)
  A spark wasp zombie (D:15)
  Lodul (D:14)
  2 salamander mystics
  15 sea snakes
  7 skeletal warriors
  A death drake (Snake:4)
  A tengu zombie (D:15)
  A flayed ghost (D:14)
  9 naga ritualists
  4 lindwurms
  A steelbarb worm (Snake:1)
  9 ugly things
  A wizard (D:14)
  13 mana vipers
  An oklob plant (Lair:4)
  7 orc knights
  A necromancer (D:15)
  12 manticores
  11 fauns
  10 harpies
  A shining eye (Snake:4)
  6 salamanders
  11 elephants
  5 orc sorcerers (Orc:2)
  6 cyclopes
  5 merfolk sirens
  An ice statue (IceCv)
  24 naga magi
  40 black mambas
  5 water nymphs
  4 molten gargoyles
  9 guardian serpents
  A gargoyle (D:12)
  12 komodo dragons
  Maggie (D:8)
  9 rime drakes
  11 cane toads
  A yaktaur (Snake:4)
  The ghost of bezhaha the Trooper, an amateur OgWr (D:4)
  A tengu conjurer (D:15)
  7 trolls
  2 freezing wraiths
  20 merfolk
  5 meliai
  9 polar bears
  A queen bee (D:13)
  A wind drake (Shoals:2)
  14 blink frogs
  A tarantella (shapeshifter) (D:14)
  2 hornets
  A large abomination (Lair:4)
  5 dream sheep
  A raiju (Lair:4)
  13 snapping turtles
  An ettin skeleton (D:15)
  A jumping spider (shapeshifter) (D:13)
  Sigmund (D:5)
  A jumping spider (D:12)
  5 slime creatures
  A shadow (D:10)
  5 wyverns
  A vampire (D:12)
  A spriggan (shapeshifter) (D:11)
  3 water elementals
  A spriggan (Lair:4)
  2 hogs
  4 fire elementals (Snake:3)
  13 basilisks
  A fire bat (Snake:4)
  A golden eye (Snake:4)
  A human (Snake:2)
  47 yaks
  A chaos spawn (Lair:4)
  2 golden eyes (shapeshifter)
  7 vampire mosquitoes
  4 steam dragons
  Edmund (D:5)
  10 water moccasins
  Duvessa (D:5)
  An acid dragon (shapeshifter) (Snake:4)
  5 wargs (Orc:1)
  4 acid dragons
  45 nagas
  3 hell hounds
  4 black bears
  5 sky beasts
  8 ice beasts
  26 orc warriors
  16 ogres
  5 centaurs
  24 wolves
  A phantom (D:6)
  2 kobold brigands
  14 bullfrogs
  A gnoll sergeant (D:10)
  2 necrophages
  A scorpion (Snake:2)
  Dowan (D:5)
  24 killer bees
  An electric eel (D:12)
  4 howler monkeys
  12 lava snakes
  2 quasits (D:4)
  3 hounds
  22 orc priests
  5 jellies
  4 iguanas
  29 orc wizards
  14 gnolls
  12 adders
  6 white imps
  2 ufetubi
  4 worms
  3 dart slugs
  77 orcs
  8 ball pythons
  10 endoplasms
  4 giant cockroaches
  10 goblins
  4 hobgoblins
  22 kobolds
  3 quokkas
  5 bats
  2 frilled lizards
  4 rats (D:1)
1057 creatures vanquished.

Vanquished Creatures (collateral kills)
  Ilsuiw (Shoals:3)
  2 merfolk impalers
  A death yak (IceCv)
  Sonja (Lair:2)
  A merfolk siren (Shoals:3)
  Maurice (D:10)
  2 rime drakes (IceCv)
  A kobold demonologist (D:11)
  A polar bear (IceCv)
  A yak (IceCv)
  3 wolves (IceCv)
15 creatures vanquished.

Vanquished Creatures (others)
  A sea snake (Snake:4)
  A salamander (Snake:4)
  A black mamba (Snake:3)
  2 naga magi
  2 polar bears (D:12)
  A hell hound (Lair:5)
  A swamp drake (D:12)
  An orc wizard (Orc:2)
  24 fungi
  159 plants
  8 withered plants (D:15)
201 creatures vanquished.

Grand Total: 1273 creatures vanquished

Notes
Turn   | Place    | Note
-------+----------+-------------------------------------------
     0 | D:1      | Rrauwl the Demonspawn Fighter began the quest for the Orb.
     0 | D:1      | Reached XP level 1. HP: 18/18 MP: 1/1
   208 | D:1      | Gained mutation: A meltable shield of frost defends you.
                  | (SH +4) [demonic ancestry]
   208 | D:1      | Reached XP level 2. HP: 24/24 MP: 2/2
   558 | D:1      | Reached skill level 1 in Dodging
   731 | D:2      | Reached XP level 3. HP: 20/29 MP: 3/3
  1283 | D:3      | Gained mutation: A meltable icy envelope protects you from
                  | harm. (AC +8) [demonic ancestry]
  1283 | D:3      | Reached XP level 4. HP: 24/35 MP: 4/4
  1600 | D:3      | Found a faded altar of an unknown god.
  2120 | D:4      | Gained mutation: You are partially covered in yellow
                  | scales. (AC +2) [demonic ancestry]
  2120 | D:4      | Reached XP level 5. HP: 41/41 MP: 5/5
  2270 | D:4      | Found a transporter.
  2377 | D:4      | Found a transporter.
  2399 | D:4      | Noticed bezhaha's ghost (amateur OgWr)
  2575 | D:4      | Noticed an ogre
  2579 | D:4      | Killed an ogre
  2580 | D:4      | Gained mutation: You have a small tail. [demonic ancestry]
  2580 | D:4      | Reached XP level 6. HP: 32/47 MP: 6/6
  2834 | D:4      | Reached skill level 5 in Shields
  3041 | D:4      | Identified a scroll of acquirement
  3041 | D:4      | Acquired a manual of Shields
  3104 | D:5      | Entered Level 5 of the Dungeon
  3169 | D:5      | Found an opulent altar of Gozag.
  3189 | D:5      | Noticed Duvessa
  3189 | D:5      | Noticed Dowan
  3230 | D:5      | Killed Duvessa
  3231 | D:5      | Reached skill level 5 in Polearms
  3231 | D:5      | Reached XP level 7. HP: 24/52 MP: 7/7
  3237 | D:5      | Killed Dowan
  3662 | D:5      | Found an iron altar of Okawaru.
  3731 | D:5      | Identified the +1 pair of boots "Yler" {Harm Will+ Dex+2}
  3764 | D:5      | Noticed Edmund
  3767 | D:5      | Gained mutation: You sometimes gain a little power by
                  | taking damage. [demonic ancestry]
  3767 | D:5      | Reached XP level 8. HP: 58/58 MP: 8/8
  3786 | D:5      | Killed Edmund
  3847 | D:5      | Found a staircase to the Ecumenical Temple.
  3855 | Temple   | Entered the Ecumenical Temple
  4035 | Temple   | Became a worshipper of Nemelex Xobeh the Trickster
  4311 | D:5      | Noticed Sigmund
  4321 | D:5      | Killed Sigmund
  4322 | D:5      | Reached skill level 2 in Invocations
  4381 | D:5      | Reached skill level 3 in Invocations
  4606 | D:6      | Found a stormy altar of Qazlal.
  4669 | D:6      | Reached skill level 4 in Invocations
  4814 | D:6      | Found Niekiul's Assorted Antiques.
  4822 | D:6      | Bought an encrusted bone wand for 96 gold pieces
  4822 | D:6      | Bought a forked brass wand for 96 gold pieces
  4822 | D:6      | Bought a scroll labelled DEUVUARCH ABLA for 24 gold pieces
  4879 | D:6      | Reached skill level 5 in Invocations
  5002 | D:6      | Gained mutation: A meltable icy envelope protects you from
                  | harm. (AC +8) [demonic ancestry]
  5002 | D:6      | Reached XP level 9. HP: 63/63 MP: 13/13
  5159 | D:6      | Reached skill level 6 in Invocations
  5159 | D:6      | Reached * piety under Nemelex Xobeh
  5298 | D:7      | Received a gift from Nemelex Xobeh
  5433 | D:7      | Reached skill level 7 in Invocations
  5855 | D:7      | Reached skill level 8 in Invocations
  6079 | D:7      | Found a snail-covered altar of Cheibriados.
  6286 | D:7      | Reached skill level 10 in Polearms
  6286 | D:7      | Found the +9 sword of Power {lifebolt}
  6379 | D:8      | Noticed Maggie
  6395 | D:8      | Reached skill level 9 in Invocations
  6401 | D:8      | Killed Maggie
  6520 | D:8      | Reached ** piety under Nemelex Xobeh
  6642 | D:8      | Gained mutation: You have a tail ending in a sharp stinger.
                  | [demonic ancestry]
  6642 | D:8      | Reached XP level 10. HP: 65/70 MP: 17/17
  6787 | D:8      | Reached skill level 10 in Invocations
  7132 | D:8      | Received a gift from Nemelex Xobeh
  7557 | D:9      | Identified the +8 long sword "Hymnouzu" {antimagic, Fly}
  7689 | D:9      | Reached *** piety under Nemelex Xobeh
  7709 | D:9      | Received a gift from Nemelex Xobeh
  8233 | D:10     | Entered Level 10 of the Dungeon
  8283 | D:10     | Reached skill level 11 in Invocations
  8345 | D:10     | Noticed a cyclops
  8358 | D:10     | Killed a cyclops
  8556 | D:10     | Noticed Maurice
  8570 | D:10     | Killed Maurice
  8791 | D:10     | Received a gift from Nemelex Xobeh
  8826 | D:10     | Reached skill level 12 in Invocations
  9228 | D:10     | Found a portal to a secret trove of treasure.
  9411 | D:11     | Gained mutation: You are mostly covered in yellow scales.
                  | (AC +3) [demonic ancestry]
  9411 | D:11     | Reached XP level 11. HP: 75/75 MP: 20/20
  9563 | D:11     | Reached skill level 13 in Invocations
  9660 | D:11     | Found a flickering gateway to a bazaar.
  9669 | Bazaar   | Entered a bazaar
  9670 | Bazaar   | Found Soschem's Jewellery Boutique.
  9679 | Bazaar   | Found Feudaig's Weapon Emporium.
  9710 | Bazaar   | Found Xaaheo's Antique Weapon Boutique.
  9722 | Bazaar   | Found Maujasie's Assorted Antiques.
 10008 | D:11     | Noticed a five-headed hydra
 10014 | D:11     | Noticed a two-headed ogre
 10015 | D:11     | Killed a five-headed hydra
 10018 | D:11     | Killed a two-headed ogre
 10065 | D:11     | Reached **** piety under Nemelex Xobeh
 10074 | D:11     | Identified the +5 scale mail "Kotwud" {rElec}
 10209 | D:11     | Found a staircase to the Lair.
 10226 | D:11     | Reached skill level 14 in Invocations
 10505 | D:12     | Received a gift from Nemelex Xobeh
 10510 | D:12     | Noticed a cyan ugly thing
 10666 | D:12     | Killed a cyan ugly thing
 10724 | D:12     | Reached skill level 15 in Invocations
 11014 | D:12     | Found a frozen archway.
 11015 | D:12     | Noticed an ice dragon
 11017 | D:12     | an ice dragon changed into a broodmother
 11017 | D:12     | Noticed a broodmother
 11024 | D:12     | Gained mutation: You have a sharp stinger which inflicts
                  | weakening toxins. [demonic ancestry]
 11024 | D:12     | Reached XP level 12. HP: 81/81 MP: 20/23
 11025 | D:12     | Killed a broodmother
 11037 | IceCv    | Entered an ice cave
 11096 | IceCv    | Identified the +3 demon trident of Capital Punishment
                  | {flame, rF+}
 11099 | IceCv    | Noticed a death yak
 11113 | IceCv    | Killed a death yak
 11115 | IceCv    | Reached skill level 16 in Invocations
 11183 | IceCv    | Noticed a death yak
 11202 | IceCv    | Killed a death yak
 11319 | IceCv    | Noticed a death yak
 11339 | IceCv    | Killed a death yak
 11510 | IceCv    | Noticed a death yak
 11533 | IceCv    | Killed a death yak
 11563 | IceCv    | Reached skill level 17 in Invocations
 11595 | IceCv    | Noticed a death yak
 11595 | IceCv    | Noticed a frost giant
 11622 | IceCv    | Killed a frost giant
 11638 | IceCv    | Killed a death yak
 12362 | D:12     | Found a staircase to the Orcish Mines.
 12632 | Lair:1   | Entered Level 1 of the Lair of Beasts
 12811 | Lair:1   | Received a gift from Nemelex Xobeh
 12820 | Lair:1   | Gained mutation: You are completely covered in yellow
                  | scales. (AC +4, rCorr) [demonic ancestry]
 12820 | Lair:1   | Reached XP level 13. HP: 86/86 MP: 25/25
 12877 | Lair:1   | Reached skill level 15 in Polearms
 12877 | Lair:1   | Reached skill level 18 in Invocations
 13890 | Lair:2   | Received a gift from Nemelex Xobeh
 14159 | Lair:2   | Reached ***** piety under Nemelex Xobeh
 14178 | Lair:2   | Noticed Sonja
 14187 | Lair:2   | Killed Sonja
 14525 | Lair:2   | Received a gift from Nemelex Xobeh
 14648 | Lair:2   | You fall into a shaft and drop 2 floors!
 14683 | Lair:4   | Reached skill level 19 in Invocations
 14905 | Lair:3   | Found a staircase to the Shoals.
 15699 | Lair:3   | Received a gift from Nemelex Xobeh
 16021 | Lair:3   | Found a staircase to the Snake Pit.
 16794 | Lair:4   | Identified the +12 flail "Xiajety" {holy, rF- MP+9 Str+3
                  | Dex+5}
 16859 | Lair:4   | Reached skill level 20 in Invocations
 16948 | Lair:4   | Received a gift from Nemelex Xobeh
 16964 | Lair:4   | Reached XP level 14. HP: 70/93 MP: 20/28
 17238 | Lair:4   | Found a runed translucent door.
 17238 | Lair:4   | Found a viscous altar of Jiyva.
 17252 | Lair:4   | Found a staircase to the Slime Pits.
 17316 | Lair:4   | Found a transporter.
 17322 | Lair:4   | Found a transporter.
 17337 | Lair:4   | Noticed Duishro's ghost (journeyman DjFE)
 17338 | Lair:4   | Found a one-way gate to the infinite horrors of the Abyss.
 17694 | Lair:5   | Entered Level 5 of the Lair of Beasts
 18258 | Lair:5   | Received a gift from Nemelex Xobeh
 18608 | Lair:5   | Reached skill level 1 in Stealth
 18608 | Lair:5   | Reached skill level 1 in Evocations
 19109 | Lair:5   | Reached skill level 21 in Invocations
 19482 | Lair:5   | Found a large runed translucent door.
 19747 | Lair:5   | Found a large runed translucent door.
 20224 | D:13     | Noticed Rupert
 20261 | D:13     | Killed Rupert
 20262 | D:13     | Reached skill level 5 in Fighting
 20262 | D:13     | Reached skill level 5 in Armour
 20332 | D:13     | Received a gift from Nemelex Xobeh
 21160 | D:13     | Found a gate to the Vaults.
 21888 | D:14     | Received a gift from Nemelex Xobeh
 22008 | D:14     | Reached ****** piety under Nemelex Xobeh
 22031 | D:14     | Noticed Lodul
 22052 | D:14     | Killed Lodul
 22059 | D:14     | Gained mutation: Your hexes are more powerful. [demonic
                  | ancestry]
 22059 | D:14     | Reached XP level 15. HP: 102/106 MP: 27/29
 22216 | D:14     | Found a runed translucent gate.
 22216 | D:14     | Found a runed translucent gate.
 22216 | D:14     | Found a runed translucent gate.
 22235 | D:14     | Noticed kuniqs's ghost (journeyman MfGl)
 22344 | D:14     | Received a gift from Nemelex Xobeh
 22466 | D:14     | Found a bloodstained altar of Trog.
 22615 | D:14     | Killed kuniqs's ghost
 22859 | D:15     | Entered Level 15 of the Dungeon
 23288 | D:15     | Found a staircase to the Depths.
 24584 | D:15     | Received a gift from Nemelex Xobeh
 24850 | Orc:1    | Entered Level 1 of the Orcish Mines
 24940 | Orc:1    | Found Leojeod's Assorted Antiques.
 24949 | Orc:1    | Bought a scroll of enchant weapon for 232 gold pieces
 24949 | Orc:1    | Bought a potion of heal wounds for 155 gold pieces
 24949 | Orc:1    | Bought a potion of curing for 93 gold pieces
 25289 | Orc:1    | Identified the +4 trident "Vaerru" {flame, MP+9 Int+2}
 25291 | Orc:1    | Received a gift from Nemelex Xobeh
 25546 | Orc:2    | Entered Level 2 of the Orcish Mines
 25784 | Orc:2    | Received a gift from Nemelex Xobeh
 25788 | Orc:2    | Found a staircase to the Elven Halls.
 26076 | Orc:2    | Found Ekiopsil's Antique Armour Shop.
 26115 | Orc:2    | Found Guoleagocw's Antique Weapon Emporium.
 26248 | Orc:2    | Bought a pair of ichor-stained boots for 323 gold pieces
 26248 | Orc:2    | Identified the +1 pair of boots "Vukic" {Rampage rElec
                  | Str+3} (You bought it in a shop on level 2 of the Orcish
                  | Mines)
 26263 | Orc:2    | Found Fenaogap's Weapon Emporium.
 26279 | Orc:2    | Found Wumi's Antique Weapon Shop.
 26584 | Snake:1  | Entered Level 1 of the Snake Pit
 26603 | Snake:1  | Found Qeafushri's Antique Weapon Shop.
 26834 | Snake:1  | Reached skill level 10 in Fighting
 27011 | Snake:1  | Reached skill level 10 in Armour
 27017 | Snake:1  | Received a gift from Nemelex Xobeh
 27037 | Snake:1  | Reached XP level 16. HP: 69/122 MP: 27/30
 27374 | Snake:1  | Found Yckit's Weapon Shoppe.
 27419 | Snake:1  | Found Nocsexau's Needful Niceties.
 27832 | Snake:1  | Received a gift from Nemelex Xobeh
 27833 | Snake:1  | Found Sunaegumn's Book Boutique.
 27937 | Snake:1  | Found a transporter.
 28293 | Snake:1  | Reached skill level 5 in Evocations
 28426 | Snake:1  | Found a transporter.
 28486 | Snake:1  | Gained mutation: You sometimes gain power by taking damage.
                  | [demonic ancestry]
 28486 | Snake:1  | Reached XP level 17. HP: 128/128 MP: 31/31
 28499 | Snake:1  | Got the Secrets of the Volley
 28827 | D:4      | Killed bezhaha's ghost
 29194 | Lair:4   | Banished Duishro's ghost
 29195 | Lair:4   | Reached skill level 22 in Invocations
 29657 | Snake:2  | Reached skill level 10 in Shields
 29823 | Snake:2  | Identified the amulet "Pilas" {Reflect Int+7 SH+5 Stlth+}
 30438 | Snake:2  | Received a gift from Nemelex Xobeh
 30806 | Snake:3  | Noticed Azrael
 30821 | Snake:3  | Azrael changed into Azrael the wendigo
 30821 | Snake:3  | Noticed Azrael
 30860 | Snake:3  | Paralysed by Azrael for 1 turns
 30863 | Snake:3  | Killed Azrael the wendigo
 31482 | Snake:3  | Received a gift from Nemelex Xobeh
 32136 | Snake:3  | Noticed Mara
 32149 | Snake:3  | Noticed Rrauwl's illusion
 32158 | Snake:3  | Rrauwl's illusion changed into Rrauwl the shadow dragon
 32158 | Snake:3  | Mara changed into Mara the Hell Sentinel
 32158 | Snake:3  | Noticed Mara
 32188 | Snake:3  | Killed Mara the Hell Sentinel
 32341 | Snake:3  | Got the Octavo of Confrontation
 32432 | Snake:3  | Reached skill level 10 in Evocations
 33079 | Snake:4  | Entered Level 4 of the Snake Pit
 33079 | Snake:4  | Received a gift from Nemelex Xobeh
 33113 | Snake:4  | Reached XP level 18. HP: 97/134 MP: 22/33
 33678 | Snake:4  | Found Wofradue's General Store.
 33698 | Snake:4  | Bought a scroll of teleportation for 54 gold pieces
 33698 | Snake:4  | Bought a potion of curing for 54 gold pieces
 33783 | Snake:4  | Received a gift from Nemelex Xobeh
 33799 | Snake:4  | Found Issox's Armour Emporium.
 34575 | Snake:4  | Noticed Agnes
 34597 | Snake:4  | Killed Agnes
 34857 | Snake:4  | Reached skill level 15 in Shields
 34964 | Snake:4  | Got a serpentine rune of Zot
 35232 | Shoals:1 | Entered Level 1 of the Shoals
 35301 | Shoals:1 | Received a gift from Nemelex Xobeh
 35963 | Shoals:1 | Received a gift from Nemelex Xobeh
 36524 | Shoals:2 | Received a gift from Nemelex Xobeh
 36527 | Shoals:2 | You fall into a shaft and drop 1 floor!
 36786 | Shoals:3 | Noticed Ilsuiw
 36818 | Shoals:3 | Killed Ilsuiw
 36977 | Shoals:3 | Noticed Polyphemus
 37000 | Shoals:3 | Killed Polyphemus
 37007 | Shoals:3 | Reached XP level 19. HP: 119/146 MP: 34/34
 37047 | Shoals:3 | Received a gift from Nemelex Xobeh
 37131 | Shoals:3 | Found the +0 staff of Battle
 37346 | Shoals:3 | Received a gift from Nemelex Xobeh
 37498 | Shoals:4 | Entered Level 4 of the Shoals
 37644 | Shoals:4 | Found a transporter.
 37650 | Shoals:4 | Found a transporter.
 37945 | Shoals:4 | Found a transporter.
 37947 | Shoals:4 | Found a transporter.
 38189 | Shoals:4 | Succumbed to a merfolk impaler's poison

Illustrated notes

Levels and vault maps discovered:
D:1:      dpeg_arrival_rhombi, layout_basic
D:2:      layout_rooms, dk_vineyard_2
D:3:      layout_loops_ring, hellmonk_ecumenical_altar_inner_sanctum
D:4:      layout_basic, gammafunk_ghost_stat_death
D:5:      layout_loops_ring, grunt_gozag_statues, okawaru_altar_gauntlet_db,
          temple_green, uniq_edmund, uniq_duvessa, uniq_sigmund
D:6:      layout_loops_ring, nicolae_qazlal_general_emergency,
          nicolae_stop_n_shop_2, kennysheep_generic_room_7
D:7:      layout_rooms, slow_altar_2
D:8:      layout_loops_corners, nicolae_eternal_life, uniq_maggie
D:9:      layout_basic, amcnicky_altar_gilded, kennysheep_another_room
D:10:     layout_loops_ring, nicolae_trove_entry_diagonal, uniq_maurice
D:11:     layout_small_grid, david_lair_shrubbed, serial_shops, bzr_firewalk,
          minmay_checkerbox
D:12:     layout_roguey [special_room_orc], serial_ice, serial_ice_b,
          serial_ice_o, serial_ice_a, serial_ice_l,
          portal_ice_cave_entry_animals_and_master, hangedman_decor_growths
D:13:     cheibrodos_magma_flow, layout_small_grid, david_vaults_5, special_room
          [special_room_bee], corexii_hall_statues_u, uniq_rupert
D:14:     layout_basic, trog_three_pillars_becter,
          maelrawn_ghost_gauntlet_escape, uniq_lodul
D:15:     gammafunk_depths_entry_grave, layout_gridville, fungi_pond_lemuel,
          tso_metal_star
Temple:   nicolae_temple_bog_church
Lair:1:   layout_cave_pods, chequers_serial_rivers_micro_b,
          nicolae_lair_lindhole
Lair:2:   layout_hall_layers, uniq_sonja
Lair:3:   layout_regular_city, nicolae_shoals_entry_roost,
          nicolae_snake_entry_warm_welcome, serial_forest,
          infiniplex_forest_clump_double, infiniplex_forest_lined_room_2,
          infiniplex_forest_side_room, infiniplex_forest_zigzag_2,
          infiniplex_forest_corner_1, infiniplex_forest_end_2,
          infiniplex_forest_corner_1, infiniplex_forest_straight_4,
          infiniplex_forest_zigzag_2, st_stairs_7, cheibrodos_lair_lostbears,
          lemuel_fruit_tree
Lair:4:   layout_roguey, slime_entry_2, gammafunk_ghost_abyssal_escape
Lair:5:   cheibrodos_lair_end_hotspot, layout_regular_city
Shoals:1: layout_shoals
Shoals:2: nicolae_shoals_lighthouse, layout_shoals
Shoals:3: layout_shoals, uniq_polyphemus, uniq_ilsuiw
Shoals:4: shoals_end_simple, layout_shoals, serial_nicolae_subway,
          nicolae_sub_station_crystal, nicolae_sub_station_stone,
          nicolae_sub_station_metal
Snake:1:  gammafunk_the_bubble [the_bubble_gammafunk_crates],
          layout_misc_corridors, serial_shops, shop_statue,
          nicolae_diamond_shop, nicolae_diamond_shop, nicolae_alphabet_shops,
          st_stairs_2
Snake:2:  layout_misc_corridors
Snake:3:  kennysheep_snake, layout_misc_corridors,
          nicolae_snake_snakes_in_the_grass, uniq_azrael, uniq_mara
Snake:4:  grunt_snake_rune_pools, layout_onion, serial_shops, shop,
          nicolae_shop_trees, uniq_agnes
Orc:1:    layout_caves, serial_shops, nicolae_shop_advertising_works
          [nicolae_subvault_shop_adworks], nooodl_orcs_dogs
Orc:2:    st_orc_elflike, layout_caves

Skill      XL: |  1  2  3  4  5  6  7  8  9 10 11 12 13 14 15 16 17 18 19 |
---------------+----------------------------------------------------------+-----
Polearms       | 2 3 4 5 7 8 10 11 13 14 16 17 | 17.7
Armour         | 3 6 10 11 12 | 12.0
Dodging        | 1 2 |  2.0
Shields        | 3 4 5 6 9 12 15 | 15.0
Invocations    | 5 9 12 15 17 20 21 22 | 22.0
Stealth        | 2 |  2.0
Evocations     | 2 3 5 10 | 10.0
Fighting       | 6 10 11 12 | 12.0

Action                     |  1- 3 |  4- 6 |  7- 9 | 10-12 | 13-15 | 16-18 | 19-21 || total
---------------------------+-------+-------+-------+-------+-------+-------+-------++-------
  Melee: Trident           |   114 |   187 |   343 |   860 |  2369 |  1976 |   342 ||  6191
         Tailslap          |       |    10 |    52 |   141 |   435 |   259 |    29 ||   926
         Spear             |       |       |    87 |       |       |       |       ||    87
 Invoke: Draw Summoning    |       |       |       |     4 |     1 |     3 |       ||     8
         Draw Destruction  |       |       |       |    21 |    19 |    37 |     8 ||    85
         Triple Draw       |       |       |       |     1 |     3 |     6 |       ||    10
         Draw Escape       |       |       |       |       |       |     5 |       ||     5
  Evoke: Wand              |       |       |     1 |     6 |     3 |    24 |       ||    34
         Phantom mirror    |       |       |       |       |       |     1 |       ||     1
         Condenser vane    |       |       |       |       |       |     1 |       ||     1
    Use: Potion            |     4 |     6 |     3 |     3 |    11 |     6 |       ||    33
         Scroll            |     3 |     1 |    11 |     4 |     3 |     6 |     1 ||    29
   Stab: Paralysed         |       |       |     1 |     4 |       |       |       ||     5
         Distracted        |       |       |       |       |     2 |     3 |       ||     5
         Invisible         |       |       |       |       |     4 |       |       ||     4
         Sleeping          |       |       |       |       |       |     4 |       ||     4
         Petrified         |       |       |       |       |       |     5 |     6 ||    11
         Petrifying        |       |       |       |       |       |     1 |       ||     1
 Armour: Scale mail        |    33 |    69 |    29 |   109 |   776 |   562 |   116 ||  1694
         Skin              |       |       |     8 |       |       |       |       ||     8
         Ring mail         |       |       |    84 |    82 |       |       |       ||   166
  Dodge: Dodged            |    32 |    57 |    98 |   242 |   827 |   634 |   120 ||  2010
  Block: Buckler           |    30 |    59 |   116 |   210 |   669 |    37 |       ||  1121
         Kite shield       |       |       |       |       |       |  1350 |   305 ||  1655
         Reflection        |       |       |       |       |       |    98 |    25 ||   123

Table legend: (Time is in decaauts)
 A = Elapsed time spent in this place.
 B = Non-inter-level travel time spent in this place.
 C = Inter-level travel time spent in this place.
 D = Time resting spent in this place.
 E = Time spent auto-exploring this place.
 F = Levels seen in this place.
 G = Mean time per level.
                   A        B        C        D        E       F      G
               +--------+--------+--------+--------+--------+-----+--------+
         Total |  36595 |  33707 |   2888 |    316 |  24927 |  33 | 1108.9 |
       Dungeon |  16106 |  14809 |   1297 |     77 |  11426 |  15 | 1073.7 |
        Temple |    203 |    186 |     17 |      0 |    146 |   1 |  203.0 |
          Lair |   8035 |   7054 |    981 |     23 |   5454 |   5 | 1607.0 |
        Shoals |   2821 |   2745 |     76 |      8 |   1740 |   4 |  705.2 |
     Snake Pit |   6892 |   6431 |    461 |    207 |   4452 |   4 | 1723.0 |
  Orcish Mines |   1477 |   1424 |     53 |      0 |   1087 |   2 |  738.5 |
        Bazaar |    134 |    134 |      0 |      0 |     56 |   1 |  134.0 |
      Ice Cave |    923 |    923 |      0 |      0 |    564 |   1 |  923.0 |
               +--------+--------+--------+--------+--------+-----+--------+

Top non-repeatable levels by time:
 Snake:3: 2485 daAuts
 Snake:1: 2001 daAuts
  Lair:3: 1868 daAuts
  Lair:5: 1718 daAuts
  Lair:4: 1713 daAuts
    D:14: 1657 daAuts
  Lair:1: 1650 daAuts
    D:13: 1544 daAuts
 Snake:4: 1423 daAuts
     D:5: 1260 daAuts
     D:4: 1250 daAuts
    D:15: 1236 daAuts
    D:10: 1190 daAuts
    D:11: 1150 daAuts
     D:6: 1141 daAuts
